Map: Ley Lines

Players

IRoH

  • Race: Zerg Zerg
  • League: Grandmaster
  • Spawn Location: 7:00

Moja - Winner!

  • Race: Terran Terran
  • League: Grandmaster
  • Spawn Location: 1:00

VOD

Have the link to the VOD?

Description

Time

  • Played on: April 9, 2025, 7:14 p.m.
  • Length: 8:43
Show
View Real Time Build Order
Export as new Build Order

IRoH Zerg 

Build Orders: Hatch First 

Get SALT Encoding   

  12  0:00  Drone  
  13  0:12  Overlord  
  13  0:17  Drone  
  14  0:31  Drone x2  
  16  0:46  Hatchery  
  16  0:50  Drone  
  16  0:54  Drone  
  17  1:00  Drone  
  18  1:07  Extractor  
  17  1:14  Spawning Pool  
  17  1:17  Drone  
  17  1:20  Drone  
  18  1:27  Drone  
  19  1:38  Drone  
  20  1:49  Drone  
  21  1:59  Overlord  
  21  2:00  Queen  
  23  2:01  Queen  
  23  2:06  Overlord  
  25  2:12  Metabolic Boost  
  25  2:19  Zergling x4  
  27  2:27  Drone x2  
  29  2:34  Drone  
  30  2:37  Queen  
  32  2:46  Drone x2  
  32  2:47  Drone  
  35  2:51  Overlord  
  35  2:59  Drone  
  35  3:04  Overlord  
  36  3:09  Queen  
  38  3:13  Drone x2  
  38  3:16  Drone  
  41  3:27  Drone x5  
  41  3:28  Drone  
  41  3:32  Drone  
  46  3:41  Drone x2  
  47  3:42  Lair  
  47  3:44  Extractor  
  47  3:46  Extractor  
  47  3:47  Drone x2  
  47  3:54  Extractor  
  47  3:55  Drone x3  
  49  3:57  Overlord  
  49  4:05  Zergling x4  
  49  4:07  Overlord x2  
  51  4:18  Hatchery  
  51  4:21  Zergling x2  
  51  4:22  Drone  
  52  4:26  Drone  
  52  4:27  Drone x2  
  52  4:28  Drone  
  56  4:33  Drone  
  56  4:37  Baneling Nest  
  56  4:38  Drone x2  
  58  4:47  Spire  
  58  4:51  Drone  
  58  4:57  Queen  
  60  5:02  Zergling x2  
  61  5:17  Overseer  
  61  5:21  Overlord  
  61  5:22  Centrifugal Hooks  
  61  5:24  Queen  
  63  5:30  Overlord  
  63  5:33  Queen  
  65  5:44  Spore Crawler  
  65  5:45  Overseer  
  60  5:52  Drone x2  
  61  6:00  Mutalisk x8  
  61  6:02  Drone x5  
  82  6:08  Drone x2  
  84  6:21  Mutalisk x2  
  84  6:24  Drone  
  84  6:25  Drone x6  
  95  6:27  Extractor  
  94  6:35  Drone x2  
  94  6:38  Evolution Chamber x2  
  94  6:39  Drone  
  93  6:40  Drone x2  
  93  6:41  Drone  
  93  6:46  Drone x3  
  95  6:58  Drone  
  95  6:59  Drone x2  
  95  7:00  Overlord  
  98  7:01  Extractor  
  98  7:06  Baneling x5, Overlord  
  97  7:15  Hatchery  
  96  7:25  Drone x3  
  96  7:29  Drone x3  
  102  7:30  Drone x2  
  102  7:33  Hatchery  
  103  7:42  Hatchery  
  103  7:46  Hatchery  
  103  7:53  Overlord  
  103  7:55  Zergling x2  
  103  7:56  Zergling x16  
  112  8:05  Baneling  
  112  8:06  Baneling x4, Hatchery  
  112  8:10  Hatchery  
  112  8:12  Zergling x12  
  116  8:14  Baneling  
  116  8:15  Baneling x4  
  111  8:20  Zergling x8  
  111  8:24  Baneling  
Show
View Real Time Build Order
Export as new Build Order

Moja Terran - Winner!

Build Orders: Hellion Banshee 

Get SALT Encoding   

  12  0:00  SCV  
  13  0:12  SCV  
  14  0:19  Supply Depot  
  14  0:25  SCV  
  15  0:40  SCV  
  15  0:41  Barracks  
  16  0:50  Barracks  
  16  0:52  SCV  
  17  0:58  Refinery  
  17  1:05  SCV  
  18  1:17  SCV  
  19  1:28  Marine  
  19  1:29  Orbital Command  
  20  1:34  Supply Depot  
  20  1:37  Marine  
  21  1:47  Reaper  
  22  1:55  SCV  
  24  2:07  SCV  
  24  2:13  Command Center  
  24  2:14  Reaper  
  25  2:19  SCV  
  25  2:20  Reaper  
  27  2:33  SCV  
  28  2:46  SCV  
  28  2:49  Command Center  
  29  2:58  SCV  
  30  3:00  Factory  
  30  3:03  Refinery  
  30  3:10  SCV  
  31  3:16  Barracks Reactor  
  31  3:26  SCV  
  32  3:28  Orbital Command, Barracks Tech Lab  
  32  3:38  SCV  
  33  3:48  Starport  
  33  3:50  SCV  
  34  3:56  SCV  
  34  4:01  Hellion x2  
  41  4:02  SCV  
  41  4:03  Orbital Command  
  41  4:04  Marine x2  
  41  4:08  Supply Depot, SCV  
  43  4:15  SCV  
  44  4:20  SCV  
  44  4:23  Hellion x2  
  49  4:27  SCV, Banshee  
  49  4:29  SCV  
  54  4:32  SCV  
  55  4:39  Supply Depot  
  55  4:41  SCV  
  55  4:42  SCV  
  55  4:44  SCV, Hellion x2  
  62  4:51  Barracks Tech Lab, Barracks Reactor  
  62  4:53  SCV  
  62  4:54  SCV  
  62  4:56  Refinery  
  62  4:57  Refinery  
  64  5:00  SCV  
  64  5:05  SCV  
  66  5:10  Banshee  
  66  5:11  Stimpack  
  66  5:13  Barracks  
  70  5:14  SCV  
  70  5:17  SCV, Engineering Bay  
  70  5:18  SCV, Engineering Bay  
  72  5:26  SCV  
  73  5:28  Marine  
  73  5:29  Marine  
  73  5:30  SCV  
  73  5:33  SCV  
  73  5:35  Barracks  
  77  5:37  Barracks  
  77  5:42  Supply Depot  
  77  5:43  SCV  
  78  5:52  Marine  
  78  5:53  Marine  
  78  5:56  SCV x2  
  82  6:00  Marine x3  
  82  6:02  Terran Infantry Weapons Level 1, Terran Infantry Armor Level 1  
  82  6:03  Supply Depot  
  85  6:07  Supply Depot, Starport Reactor  
  85  6:10  Marine  
  86  6:15  Orbital Command  
  86  6:16  Marine  
  86  6:18  Marine  
  88  6:19  Marine x2  
  88  6:21  Siege Tank  
  88  6:22  SCV  
  88  6:23  Barracks Reactor  
  88  6:24  Supply Depot x2  
  92  6:27  Barracks Reactor  
  92  6:28  Marine  
  92  6:31  Supply Depot  
  93  6:34  Marine  
  93  6:36  Marine  
  93  6:38  Marine  
  93  6:39  Marine  
  97  6:46  Marine  
  98  6:50  Medivac x2  
  98  6:52  Marine, Missile Turret  
  98  6:53  Marine  
  103  6:56  Combat Shield, Marine  
  103  7:00  Marine  
  103  7:01  Marine, Missile Turret  
  103  7:03  Marine, Missile Turret  
  103  7:04  Marine  
  103  7:05  Marine x2  
  103  7:07  SCV  
  108  7:09  Marine, Missile Turret  
  108  7:10  SCV, Missile Turret  
  110  7:21  Marine x2  
  106  7:23  Marine x2  
  106  7:24  Marine x4  
  106  7:27  Marine  
  112  7:30  SCV x2  
  112  7:34  Medivac  
  116  7:39  Marine x2  
  116  7:41  Marine x3, Missile Turret  
  116  7:44  Marine x3  
  121  7:47  Marine  
  121  7:48  Supply Depot  
  121  7:49  Supply Depot  
  125  7:51  Armory  
  125  7:57  Marine x2  
  125  7:58  Siege Tank  
  124  7:59  Marine x3  
  124  8:02  Medivac  
  124  8:04  Medivac  
  131  8:06  Marine x2  
  131  8:09  Marine  
  131  8:12  Marine  
  135  8:14  Marine  
  135  8:15  Marine  
  135  8:16  Supply Depot  
  135  8:17  Marine  
  135  8:19  Supply Depot  
  138  8:20  Marine x2  
  138  8:24  Marine  
Tags
 
Composition
Hellion Banshee
Matchup
TvZ
Player
Moja
Replay Pack
Moja Replays
Spawn Locations
Cross Positions
Add a new tag
Caveats
  • Supply blocks, unpowered buildings, or Contaminate may cause inaccurate times.
  • Supply counts are checked every 10 seconds.